 Dungeon Crawl Stone Soup version 0.21-a0-426-g98080a9 (webtiles) character file.

779 KristoblXynda the Conjurer (level 7, -9/50 HPs)
             Began as a Black Draconian Conjurer on Nov 7, 2017.
             Was an Initiate of Cheibriados.
             Mangled by a two-headed ogre
             ... wielding a +0 giant spiked club
              (12 damage)
             ... on level 5 of the Dungeon.
             The game lasted 00:15:29 (6663 turns).

KristoblXynda the Conjurer (DrCj)                   Turns: 6663, Time: 00:15:30

Health: -9/50      AC:  8    Str: 11    XL:     7   Next: 54%
Magic:  0/13       EV: 12    Int: 18    God:    Cheibriados [......]
Gold:   423        SH:  0    Dex: 13    Spells: 6/14 levels left

rFire    . . .     SeeInvis .   h - +0 long sword
rCold    . . .     Gourm    .   (no shield)
rNeg     . . .     Faith    .   (armour unavailable)
rPois    .         Spirit   .   (helmet restricted)
rElec    +         Reflect  .   i - +1 cloak
rCorr    .         Harm     .   (no gloves)
MR       .....                  (no boots)
Stlth    ++........             (no amulet)
HPRegen  0.16/turn              (no ring)
MPRegen  0.13/turn              (no ring)

@: short of breath, very slow
A: breathe lightning, unfitting armour, electricity resistance, cold-blooded, AC
+6
a: Breathe Lightning, Bend Time, Renounce Religion


You were on level 5 of the Dungeon.
You worshipped Cheibriados.
Cheibriados was noncommittal.
You were not hungry.

You visited 1 branch of the dungeon, and saw 5 of its levels.
You also visited: Ossuary.

You collected 423 gold pieces.

Inventory:

Hand Weapons
 h - a +0 long sword (weapon)
Armour
 i - a +1 cloak (worn)
Wands
 p - a wand of digging (5/24)
Scrolls
 c - 2 scrolls of fog
 k - 2 scrolls of amnesia
 m - a scroll of teleportation
 q - 2 scrolls of remove curse
Potions
 d - 2 potions of curing
 f - a potion of ambrosia
 j - 2 potions of might {unknown}
 l - 3 potions of brilliance
 o - a potion of lignification {unknown}
Books
 a - a book of Conjurations

   Spells                             Type                      Level
   a - Magic Dart                     Conjuration                  1
   b - Searing Ray                    Conjuration                  2
   c - Dazzling Spray                 Conjuration/Hexes            3
   d - Fulminant Prism                Conjuration/Hexes            4
   e - Force Lance                    Conjuration/Translocation    4
   f - Iskenderun's Mystic Blast      Conjuration                  4
 e - Sif Muna's Disquisition on Flight
   (You found it on level 3 of the Dungeon)

   Spells                             Type                      Level
   a - Shock                          Conjuration/Air              1
Comestibles
 b - 4 bread rations


   Skills:
 + Level 3.2 Long Blades
 - Level 1.7 Dodging
 - Level 1.7 Stealth
 - Level 3.1 Unarmed Combat
 - Level 4.3 Spellcasting
 + Level 6.3 Conjurations
 + Level 1.9 Invocations


You had 6 spell levels left.
You knew the following spells:

 Your Spells              Type           Power        Failure   Level  Hunger
a - Magic Dart            Conj           ####         1%          1    None
b - Dazzling Spray        Conj/Hex       ###...       12%         3    ###....
c - Iskenderun's Mystic   Conj           ####....     11%         4    ####...


Dungeon Overview and Level Annotations

Branches:
Dungeon (5/15)
 Temple: D:4-7

Altars:
Cheibriados
Nemelex Xobeh
Sif Muna


Innate Abilities, Weirdness & Mutations

You can breathe wild blasts of lightning.
Your glossy black scales are hard. (AC +6)
You cannot fit into any form of body armour.
You are resistant to electric shocks. (rElec)
You are cold-blooded and may be slowed by cold attacks.


Message History

Aiming: Dazzling Spray
Press: ? - help, Shift-Dir - straight line, f/p - two-headed ogre
Aim: a two-headed ogre, wielding a giant spiked club and a giant club (moderately wounded)
The spray of energy hits the two-headed ogre.
The two-headed ogre is heavily wounded.
The two-headed ogre misses you.
You riposte.
You hit the two-headed ogre.
The two-headed ogre is heavily wounded.
The two-headed ogre completely misses you.
You hit the two-headed ogre but do no damage.
You punch the two-headed ogre.
The two-headed ogre is heavily wounded.
The two-headed ogre hits you with a giant spiked club!
The two-headed ogre hits you with a giant club.
Okay, then.
You slash the two-headed ogre!
The two-headed ogre is severely wounded.
The two-headed ogre hits you with a giant spiked club!!
* * * LOW HITPOINT WARNING * * *
The two-headed ogre hits you with a giant club!
You die...

#.......#>..........'.
#.......#.###########.
#.)...)...............
*###########.....######
*,...............#
*,#####'#.#......#
#.#.....(.#...####
#.'.......#####
###...@O..# #.......#
#.....Z.# #.......#
**#.......# *,'.).....#
*.#.......# #.........#
*#.,,,,..,***


You could see a two-headed ogre and a worker ant zombie.

Vanquished Creatures
  An ice beast (D:5)
  A necrophage (D:4)
  A gnoll sergeant (D:5)
  A hound (D:4)
  A jelly (D:3)
  2 orc wizards
  A bullfrog skeleton (D:5)
  2 worker ants (D:4)
  8 mummies (Ossuary)
  3 gnolls (D:5)
  7 adders
  2 shadow imps (D:5)
  An ooze (D:1)
  An adder skeleton (D:4)
  A worm (D:2)
  A dart slug (D:2)
  2 leopard geckos
  6 orcs
  A ball python (D:1)
  3 giant cockroaches
  A gnoll zombie (Ossuary)
  9 hobgoblins
  8 jackals (D:3)
  12 kobolds
  2 quokkas
  10 bats
  3 frilled lizards
  9 goblins
  A hobgoblin zombie (Ossuary)
  2 kobold zombies (Ossuary)
  2 leopard gecko zombies (D:5)
  4 orc zombies (Ossuary)
  10 rats
119 creatures vanquished.

Vanquished Creatures (others)
  An orc wizard (D:3)
1 creature vanquished.

Grand Total: 120 creatures vanquished

Notes
Turn   | Place    | Note
-------+----------+-------------------------------------------
     0 | D:1      | KristoblXynda the Draconian Conjurer began the quest for the Orb.
     0 | D:1      | Reached XP level 1. HP: 14/14 MP: 3/3
   202 | D:1      | Reached XP level 2. HP: 7/20 MP: 1/5
   532 | D:1      | Reached skill level 1 in Unarmed Combat
  1301 | D:2      | Reached XP level 3. HP: 20/26 MP: 6/6
  2248 | D:3      | Reached XP level 4. HP: 33/33 MP: 2/8
  2253 | D:3      | Learned a level 3 spell: Dazzling Spray
  2964 | D:3      | Found a deep blue altar of Sif Muna.
  3010 | D:3      | Reached skill level 5 in Conjurations
  3010 | D:3      | Reached XP level 5. HP: 21/38 MP: 0/9
  3520 | D:3      | Identified Sif Muna's Disquisition on Flight
  4090 | D:4      | Noticed a necrophage
  4161 | D:4      | Killed a necrophage
  4161 | D:4      | Reached skill level 1 in Long Blades
  4161 | D:4      | Reached XP level 6. HP: 23/44 MP: 4/11
  4793 | D:4      | Found a deep blue altar of Sif Muna.
  4793 | D:4      | Found a snail-covered altar of Cheibriados.
  4803 | D:4      | Became a worshipper of Cheibriados the Contemplative
  5168 | D:5      | Entered Level 5 of the Dungeon
  5168 | D:5      | Noticed a two-headed ogre
  5267 | D:5      | Found a sand-covered staircase.
  5272 | Ossuary  | Entered an ossuary
  5279 | Ossuary  | Learned a level 4 spell: Iskenderun's Mystic Blast
  5478 | Ossuary  | Your scales start taking on a glossy black colour.
  5478 | Ossuary  | Reached XP level 7. HP: 40/50 MP: 0/13
  5478 | Ossuary  | Gained mutation: You are resistant to electric shocks. (rElec) [Black Draconian growth]
  5970 | D:5      | Reached skill level 6 in Conjurations
  5993 | D:5      | Reached skill level 1 in Invocations
  6152 | D:5      | Found a sparkling altar of Nemelex Xobeh.
  6663 | D:5      | Mangled by a two-headed ogre

Vault maps used:
D:1:      giann_wishing_wells
D:2:      hangedman_feature_mirror, kennysheep_generic_room_11
D:3:      led_sif_book
D:4:      gammafunk_temple_overflow_statue, first_bread, minivault_19
D:5:      nemelex_altar_shiori, enter_ossuary_2, lightli_minifort
Ossuary:  ossuary_tomb_3

Skill      XL: |  1  2  3  4  5  6  7 |
---------------+----------------------+-----
Unarmed Combat | 1 2 3 |  3.1
Spellcasting   | 3 4 |  4.3
Conjurations   | 5 6 |  6.3
Long Blades    | 1 2 3 |  3.2
Invocations    | 1 |  1.9
Dodging        | |  1.7
Stealth        | |  1.7

Action                   |  1- 3 |  4- 6 |  7- 9 || total
-------------------------+-------+-------+-------++-------
Melee: Unarmed           |   189 |   109 |       ||   298
       Tailslap          |    22 |    24 |     5 ||    51
       Punch             |       |     2 |     1 ||     3
       Long sword        |       |    89 |    66 ||   155
 Cast: Magic Dart        |    33 |    90 |     5 ||   128
       Dazzling Spray    |       |     5 |     2 ||     7
       Iskenderun's Myst |       |     2 |     5 ||     7
 Abil: Breathe Lightning |       |       |     1 ||     1
  Use: Scroll            |       |    15 |     4 ||    19
       Potion            |       |     4 |       ||     4
 Stab: Sleeping          |     5 |       |     1 ||     6
       Invisible         |       |     9 |     2 ||    11
  Eat: Chunk             |     4 |     4 |       ||     8
       Meat ration       |       |     2 |       ||     2
       Royal jelly       |       |     1 |     1 ||     2
Armor: Skin              |    55 |    67 |    28 ||   150
Dodge: Dodged            |   147 |   188 |    51 ||   386
       Rpst.: Long sword |       |    38 |    23 ||    61

Table legend:
 A = Spawn XP
 B = Non-spawn XP
 C = Spawn XP percentage of total XP
 D = Spawn monster count
 E = Non-spawn monster count
 F = Spawn count percentage of total count
 G = Total turns spent on level
                    A         B        C        D         E        F      G
               +---------+---------+-------+---------+---------+-------+---------
         Total |       0 |    1113 |   0.0 |       0 |     120 |   0.0 |  6663
               +---------+---------+-------+---------+---------+-------+---------
           D:1 |       0 |      36 |   0.0 |       0 |      22 |   0.0 |  1259
           D:2 |       0 |      45 |   0.0 |       0 |      24 |   0.0 |   984
           D:3 |       0 |     179 |   0.0 |       0 |      28 |   0.0 |  1594
           D:4 |       0 |     335 |   0.0 |       0 |      16 |   0.0 |  1371
           D:5 |       0 |     365 |   0.0 |       0 |      14 |   0.0 |  1044
       Ossuary |       0 |     153 |   0.0 |       0 |      16 |   0.0 |   411
               +---------+---------+-------+---------+---------+-------+---------
